 Dungeon Crawl Stone Soup version 0.20-b1 (webtiles) character file.

92 MTVSty1e the Grave Robber (level 4, -1/33 HPs)
             Began as a Demonspawn Necromancer on May 18, 2017.
             Slain by Ijyb (3 damage)
             ... on level 3 of the Dungeon.
             The game lasted 00:07:11 (3436 turns).

MTVSty1e the Grave Robber (Demonspawn Necromancer)  Turns: 3436, Time: 00:07:12

Health: -1/33      AC:  4    Str: 10    XL:     4   Next: 35%
Magic:  4/7        EV: 12    Int: 16    God:
Gold:   110        SH:  0    Dex: 13    Spells: 4/8 levels left

rFire    + . .     SeeInvis .   e - +0 dagger
rCold    + . .     Gourm    .   (no shield)
rNeg     . . .     Faith    .   a - +0 robe
rPois    +         Spirit   .   (no helmet)
rElec    +         Reflect  .   (no cloak)
rCorr    +         Harm     .   (no gloves)
MR       .....                  (no boots)
Stlth    ++........             (no amulet)
Regen    1.2/turn               (no ring)
MPRegen  0.1/turn               (no ring)

@: resistant, very slightly contaminated, regenerating
A: yellow scales 1, spiny 1
a: no special abilities


You were on level 3 of the Dungeon.
You were not hungry.

You visited 1 branch of the dungeon, and saw 3 of its levels.

You collected 110 gold pieces.

Inventory:

Hand Weapons
 e - a +0 dagger (weapon)
Armour
 a - a +0 robe (worn)
Scrolls
 g - a scroll of random uselessness {unknown}
 h - 3 scrolls of fear
 k - a scroll of amnesia
 n - a scroll of identify {unknown}
Potions
 c - a potion of resistance
 f - a potion of ambrosia
 m - a potion of agility
Books
 b - a book of Necromancy

   Spells                             Type                      Level
   a - Pain                           Necromancy                   1
   b - Animate Skeleton               Necromancy                   1
   c - Vampiric Draining              Necromancy                   3
   d - Regeneration                   Charms/Necromancy            3
   e - Animate Dead                   Necromancy                   4
   f - Control Undead                 Necromancy                   4
Comestibles
 d - 2 fruits
 i - 2 royal jellies


   Skills:
 * Level 2.0 Fighting
 + Level 0.6 Short Blades
 + Level 0.6 Armour
 + Level 2.0 Dodging
 + Level 2.4 Stealth
 + Level 2.5 Spellcasting
 + Level 4.6 Necromancy


You had 4 spell levels left.
You knew the following spells:

 Your Spells              Type           Power        Failure   Level  Hunger
a - Pain                  Necr           ###.         3%          1    #......
b - Regeneration          Chrm/Necr      #.........   22%         3    ###....


Dungeon Overview and Level Annotations

Branches:
Dungeon (3/15)

Altars:
Xom

Annotations:
D:3 Ijyb


Innate Abilities, Weirdness & Mutations

You are partially covered in yellow scales. (AC +2)
You are partially covered in sharp spines.


Message History

Ijyb zaps a wand.
The puff of flame misses you.
Casting: Regeneration
Confirm with . or Enter, or press ? or * to list all spells.
Your skin crawls.
Ijyb zaps a wand.
The puff of flame hits you! You resist.
* * * LOW HITPOINT WARNING * * *
You hit Ijyb but do no damage.
Ijyb is moderately wounded.
Ijyb hits you.
* * * LOW HITPOINT WARNING * * *
You barely miss Ijyb.
Ijyb is moderately wounded.
Ijyb barely misses you.
You closely miss Ijyb.
Ijyb is moderately wounded.
Ijyb zaps a wand.
The puff of flame hits you! You resist.
* * * LOW HITPOINT WARNING * * *
You hit Ijyb but do no damage.
Ijyb is moderately wounded.
Ijyb hits you.
You die...

#.# #.# #.# #.# #.# #.#
#.# #g# #######@#
........################
...................†....
########################


You could see Ijyb.

Vanquished Creatures
  3 adders
  A worm (D:3)
  3 dart slugs
  A leopard gecko (D:3)
  4 orcs (D:3)
  A giant cockroach (D:2)
  10 hobgoblins
  2 ball pythons
  6 bats
  4 frilled lizards
  6 goblins
  8 kobolds
  5 rats
54 creatures vanquished.

Notes
Turn   | Place    | Note
-------+----------+-------------------------------------------
     0 | D:1      | MTVSty1e the Demonspawn Necromancer began the quest for the Orb.
     0 | D:1      | Reached XP level 1. HP: 13/13 MP: 3/3
   597 | D:1      | Reached skill level 1 in Fighting
   681 | D:1      | Gained mutation: You are partially covered in sharp spines. [demonic ancestry]
   681 | D:1      | Reached XP level 2. HP: 14/21 MP: 1/5
  1504 | D:1      | Gained mutation: You are partially covered in yellow scales. (AC +2) [demonic ancestry]
  1504 | D:1      | Reached XP level 3. HP: 1/26 MP: 0/6
  2609 | D:2      | Found a bloodstained altar of Trog.
  2612 | D:2      | Found an ancient bone altar of Kikubaaqudgha.
  2612 | D:2      | Found an opulent altar of Gozag.
  2615 | D:2      | Found a sacrificial altar of Ru.
  2615 | D:2      | Found an ancient bone altar of Kikubaaqudgha.
  2615 | D:2      | Found a shimmering altar of Xom.
  2892 | D:3      | Reached XP level 4. HP: 33/33 MP: 7/7
  2952 | D:3      | Learned a level 3 spell: Regeneration
  3411 | D:3      | Noticed Ijyb
  3427 | D:3      | HP: 1/33 [Ijyb/wand of flame (?/48) (4)]
  3435 | D:3      | HP: 1/33 [Ijyb/wand of flame (?/48) (5)]
  3436 | D:3      | Slain by Ijyb

Skill      XL: |  1  2  3  4 |
---------------+-------------+-----
Fighting       | 1 2 |  2.0
Stealth        | 2 |  2.4
Dodging        | 2 |  2.0
Short Blades   | |  0.6
Armour         | |  0.6
Spellcasting   | |  2.5
Necromancy     | |  4.6

Action                   |  1- 3 |  4- 6 || total
-------------------------+-------+-------++-------
Melee: Dagger            |    53 |    46 ||    99
 Cast: Pain              |    58 |    20 ||    78
       Regeneration      |       |     3 ||     3
  Use: Potion            |     1 |     4 ||     5
       Scroll            |       |     3 ||     3
 Stab: Sleeping          |     2 |       ||     2
  Eat: Bread ration      |     2 |       ||     2
Armor: Robe              |    10 |     9 ||    19
Dodge: Dodged            |    52 |    25 ||    77
